 Dungeon Crawl Stone Soup version 0.27-a0-1065-ge809cff456 (webtiles) character file.

Game seed: 11622209799718682362

69 senseless the Cudgeller (level 4, -1/35 HPs)
             Began as a Human Monk on Apr 22, 2021.
             Slain by a scorpion (6 damage)
             ... on level 2 of the Dungeon.
             The game lasted 00:04:26 (2644 turns).

senseless the Cudgeller (Human Monk)                Turns: 2644, Time: 00:04:27

Health: -1/35      AC:  9    Str: 11 (12) XL:     4   Next: 42%
Magic:  4/4        EV:  5    Int: 13      God:
Gold:   66         SH:  5    Dex: 15      Spells: 3/3 levels left

rFire    . . .     SeeInvis .   a - +0 mace
rCold    . . .     Faith    .   (no shield)
rNeg     . . .     Spirit   .   c - +0 chain mail
rPois    .         Reflect  +   l - +0 helmet
rElec    .         Harm     .   (no cloak)
rCorr    .         Rampage  .   (no gloves)
Will     .....                  (no boots)
Stlth    ..........             h - amulet of reflection
HPRegen  0.11/turn              (no ring)
MPRegen  0.09/turn              (no ring)

@: lethally poisoned (-1 -> -5)
A: clever 1, deterioration 1
a: no special abilities


You were on level 2 of the Dungeon.
You visited 1 branch of the dungeon, and saw 2 of its levels.

You collected 66 gold pieces.

Inventory:

Hand Weapons
 a - a +0 mace (weapon)
Armour
 b - a +0 robe
 c - a +0 chain mail (worn)
 l - a +0 helmet (worn)
Jewellery
 h - an amulet of reflection (around neck)
Scrolls
 d - a scroll of brand weapon {unknown}
 e - a scroll of noise {unknown}
 i - 3 scrolls of identify {unknown}
 k - a scroll of vulnerability {unknown}
Potions
 f - a potion of brilliance {unknown}
 g - 2 potions of attraction {unknown}
 j - a potion of degeneration {unknown}


   Skills:
 + Level 3.3 Fighting
 + Level 3.9 Maces & Flails
 + Level 1.1 Armour
 + Level 3.3 Dodging
 + Level 2.1 Stealth
 + Level 0.6 Shields


You had 3 spell levels left.
You didn't know any spells.
Your spell library was empty.

Dungeon Overview and Level Annotations

Branches:
Dungeon (2/15)

Altars:
Okawaru
Xom

Shops:
D:1 :*:(:


Innate Abilities, Weirdness & Mutations

Your mind is acute. (Int +2)
Your body sometimes deteriorates upon taking damage.


Message History

No target in view!
No target in view!
A scorpion is nearby!
The scorpion stings you.
Your body deteriorates!
You feel weakened.
You hit the scorpion.
The scorpion is lightly wounded.
The scorpion stings you!
Your chain mail prevents you from hitting the scorpion.
The scorpion is lightly wounded.
You block the scorpion's attack. The scorpion stings you.
You barely miss the scorpion.
The scorpion is lightly wounded.
The scorpion stings you!
You are too injured to fight recklessly!
You are too injured to fight recklessly!
You hit the scorpion but do no damage.
The scorpion is lightly wounded.
The scorpion stings you but does no damage.
You closely miss the scorpion.
The scorpion is lightly wounded.
The scorpion stings you.
You are poisoned.
The scorpion poisons you!
The scorpion stings you but does no damage.
You hit the scorpion.
The scorpion is heavily wounded.
* * * LOW HITPOINT WARNING * * *
You feel very sick.
The scorpion stings you but does no damage.
You closely miss the scorpion.
The scorpion is heavily wounded.
* * * LOW HITPOINT WARNING * * *
You feel very sick. The scorpion closely misses you.
You block the scorpion's attack.
You barely miss the scorpion.
The scorpion is heavily wounded.
* * * LOW HITPOINT WARNING * * *
You feel sick. The scorpion stings you.
You die...

###################
######...##.............
....................###.
####.....#..+#...#.....
#....#.##.##....###.
######.......).........#.
....$.....#....##..#..§§.
###.##..@#.....##..#....<
........s...._...#.)#...
.##.####.#..#..#...#.#...
# ###.....#.#.....#...
#.##...##...#...#..#).#
.......#.#....#....#...
.......##.....##...#..♣
....##.............#...
#....####.......#..♣


You could see a scorpion.

Vanquished Creatures
  Robin (D:1)
  A worm (D:2)
  A dart slug (D:1)
  5 ball pythons (D:1)
  5 endoplasms
  A giant cockroach (D:2)
  13 goblins
  2 hobgoblins
  4 jackals (D:2)
  6 quokkas
  2 bats
  3 frilled lizards
  A rat (D:1)
45 creatures vanquished.

Vanquished Creatures (others)
  A goblin (D:2)
  12 plants (D:2)
13 creatures vanquished.

Grand Total: 58 creatures vanquished

Notes
Turn   | Place    | Note
-------+----------+-------------------------------------------
     0 | D:1      | senseless the Human Monk began the quest for the Orb.
     0 | D:1      | Reached XP level 1. HP: 18/18 MP: 1/1
   199 | D:1      | Found Gosmoto's General Store.
   251 | D:1      | Found Jatt's Book Shop.
   257 | D:1      | Found Famysaja's Weapon Shop.
   307 | D:1      | Found Plog's Book Shoppe.
   506 | D:1      | Reached XP level 2. HP: 19/24 MP: 2/2
   759 | D:1      | Found Ceppos's Book Emporium.
  1445 | D:2      | Reached XP level 3. HP: 29/29 MP: 3/3
  1453 | D:2      | Found an iron altar of Okawaru.
  1996 | D:2      | Found a faded altar of an unknown god.
  2002 | D:2      | Became a worshipper of Xom of Chaos
  2010 | D:2      | Noticed a scorpion
  2020 | D:2      | Noticed Robin
  2023 | D:2      | XOM: potion effect (invisibility)
  2165 | D:1      | Fell from the grace of Xom
  2175 | D:1      | Killed Robin
  2176 | D:1      | Reached XP level 4. HP: 16/35 MP: 4/4
  2184 | D:1      | Reached skill level 1 in Armour
  2187 | D:1      | XOM: give mutations
  2187 | D:1      | Gained mutation: Your mind is acute. (Int +2) [Xom's
                  | mischief]
  2187 | D:1      | Gained mutation: Your body sometimes deteriorates upon
                  | taking damage. [Xom's mischief]
  2644 | D:2      | Slain by a scorpion

Illustrated notes

Levels and vault maps discovered:
D:1:      lemuel_arrival_river_ford, layout_basic, serial_shops,
          nicolae_shop_temple_entry_statues_fountains, shop, shop, shop,
          nicolae_shop_trees, minivault_4
D:2:      wad_woods_stonehenge, layout_basic, hellmonk_ecumenical_altar_blasted,
          minivault_24, kennysheep_generic_room_10, uniq_robin

Skill      XL: |  1  2  3  4 |
---------------+-------------+-----
Armour         | 1 |  1.1
Fighting       | |  3.3
Maces & Flails | |  3.9
Dodging        | |  3.3
Stealth        | |  2.1
Shields        | |  0.6

Action                   |  1- 3 |  4- 6 || total
-------------------------+-------+-------++-------
Melee: Mace              |   138 |    47 ||   185
Invok: Renounce Religion |     1 |       ||     1
Armor: Chain mail        |   101 |    27 ||   128
Dodge: Dodged            |    52 |    16 ||    68
Block: Other             |    23 |    21 ||    44
       Reflection        |       |     1 ||     1

Table legend: (Time is in decaauts)
 A = Elapsed time spent in this place.
 B = Non-inter-level travel time spent in this place.
 C = Inter-level travel time spent in this place.
 D = Time resting spent in this place.
 E = Time spent auto-exploring this place.
 F = Levels seen in this place.
 G = Mean time per level.
                   A        B        C        D        E       F      G
               +--------+--------+--------+--------+--------+-----+--------+
         Total |   2699 |   2642 |     57 |     81 |   2137 |   2 | 1349.5 |
       Dungeon |   2699 |   2642 |     57 |     81 |   2137 |   2 | 1349.5 |
               +--------+--------+--------+--------+--------+-----+--------+

Top non-repeatable levels by time:
     D:1: 1917 daAuts
     D:2: 781 daAuts
